 Dungeon Crawl Stone Soup version 0.17-a0-1951-g62301d3 (webtiles) character file.

210 Kuldar the Magician (level 5, -1/28 HPs)
             Began as a Deep Elf Wizard on Oct 3, 2015.
             Slain by a hound (4 damage)
             ... on level 6 of the Dungeon.
             The game lasted 00:06:13 (2219 turns).

Kuldar the Magician (Deep Elf Wizard)               Turns: 2219, Time: 00:06:13

Health: -1/28      AC:  3    Str:  4    XL:     5   Next: 56%
Magic:  0/15       EV: 12    Int: 24    God:
Gold:   172        SH:  0    Dex: 13    Spells: 5 memorised, 5 levels left

rFire  . . .     SeeInvis .     u - +0 shortbow
rCold  . . .     Clarity  .     a - +0 robe
rNeg   . . .     SustAt   .     (no shield)
rPois  .         Gourm    .     b - +0 hat
rElec  .         Spirit   .     (no cloak)
rCorr  .         Warding  .     e - +0 pair of gloves
rMut   .         Stasis   .     (no boots)
MR     .....                    (no amulet)
Stlth  ++........               (no ring)
                                (no ring)

@: not resistant to hostile enchantments, unstealthy
A: no striking features
a: no special abilities


You were on level 6 of the Dungeon.
You were hungry.

You visited 1 branch of the dungeon, and saw 4 of its levels.

You collected 172 gold pieces.

Inventory:

Hand weapons
 l - a +0 quarterstaff
 u - a +0 shortbow (weapon)
Missiles
 v - 10 arrows of flame (quivered)
Armour
 a - a +0 robe (worn)
 b - a +0 hat (worn)
 e - a +0 pair of gloves (worn)
Scrolls
 f - 3 scrolls of remove curse {unknown}
 h - a scroll of teleportation {unknown}
 j - a scroll of identify {unknown}
 k - a scroll of fear {unknown}
 n - a scroll of enchant armour {unknown}
 s - a scroll of enchant weapon {unknown}
Potions
 i - 2 potions of lignification {unknown}
 o - 3 potions of cure mutation {unknown}
 p - a potion of haste {unknown}
 q - a potion of magic {unknown}
 r - 2 potions of ambrosia {unknown}
 t - a potion of agility {unknown}
Books
 c - a book of Minor Magic

   Spells                             Type                      Level
   a - Magic Dart                     Conjuration                  1
   b - Blink                          Translocation                2
   c - Call Imp                       Summoning                    2
   d - Repel Missiles                 Charms/Air                   2
   e - Slow                           Hexes                        2
   f - Conjure Flame                  Conjuration/Fire             3
   g - Mephitic Cloud                 Conjuration/Poison/Air       3
Comestibles
 d - 2 bread rations
 g - 2 royal jellies
 m - a meat ration


   Skills:
 - Level 2.4 Dodging
 - Level 2.4 Stealth
 * Level 6.3 Spellcasting
 * Level 3.8 Conjurations
   Level 1.1 Summonings
 + Level 1.7 Translocations
 + Level 1.2 Fire Magic
 + Level 0.8 Air Magic
 + Level 0.9 Poison Magic


You had 5 spell levels left.
You knew the following spells:

 Your Spells              Type           Power        Failure   Level  Hunger
a - Magic Dart            Conj           ####         1%          1    None
b - Blink                 Tloc           N/A          8%          2    None
c - Repel Missiles        Chrm/Air       #.....       12%         2    None
e - Conjure Flame         Conj/Fire      ###.....     10%         3    None
h - Mephitic Cloud        Conj/Pois/Air  ###.....     14%         3    None


Dungeon Overview and Level Annotations

Branches:
Dungeon (6/15)
 Temple: D:4-7

Altars:


Message History

Aiming: Magic Dart
Press: ? - help, Shift-Dir - straight line, f/p - hound
Aim: a hound (almost dead)
The magic dart hits the hound.
The hound is almost dead.
The hound bites you. The hound closely misses you. The hound barely misses you.
The hound bites you.
* * * LOW HITPOINT WARNING * * *
The hound bites you.
* * * LOW HITPOINT WARNING * * *
Casting: Magic Dart
Confirm with . or Enter, or press ? or * to list all spells.
Aiming: Magic Dart
Press: ? - help, Shift-Dir - straight line, f/p - hound
Aim: a hound (almost dead)
The magic dart hits the hound.
The hound is almost dead.
The hound bites you.
You die...

#.#...... ... #
##.(.##.###.#
#.##...........###
#.....h.##.#.......
####..#.##.###.####
#..#.##........
#...........###
#.########...........#
#......@h..............
.......#######>#######.##
....... #.# .# ##.....
#.# # #..... #.# #.....
#.# ....... #+# ....###


You could see a hound.

Vanquished Creatures
  A centaur (D:6)
  A hound (D:1)
  2 adders (D:2)
  3 oozes
  A worm (D:2)
  A giant gecko (D:2)
  4 orcs (D:3)
  3 goblins
  4 hobgoblins
  6 jackals
  A quokka (D:3)
  A ball python (D:2)
  8 bats
  2 giant cockroaches
  3 giant newts
  12 kobolds
  6 rats
59 creatures vanquished.

Notes
Turn   | Place    | Note
--------------------------------------------------------------
     0 | D:1      | Kuldar the Deep Elf Wizard began the quest for the Orb.
     0 | D:1      | Reached XP level 1. HP: 10/10 MP: 7/7
   222 | D:1      | Reached XP level 2. HP: 15/15 MP: 0/9
   757 | D:1      | Reached skill level 5 in Spellcasting
   848 | D:1      | Reached XP level 3. HP: 19/19 MP: 5/11
   898 | D:1      | Learned a level 2 spell: Blink
   901 | D:1      | Learned a level 2 spell: Repel Missiles
   905 | D:1      | Learned a level 3 spell: Mephitic Cloud
   909 | D:1      | Learned a level 3 spell: Conjure Flame
   994 | D:1      | Reached XP level 4. HP: 20/24 MP: 9/13
  1274 | D:2      | Found a faded altar to an unknown god.
  1915 | D:3      | Reached skill level 6 in Spellcasting
  2158 | D:3      | You fall through a shaft for 3 floors!
  2172 | D:6      | Noticed a centaur
  2186 | D:6      | Killed a centaur
  2186 | D:6      | Reached skill level 1 in Fire Magic
  2186 | D:6      | Reached XP level 5. HP: 15/28 MP: 2/15
  2209 | D:6      | Noticed a black bear
  2219 | D:6      | Slain by a hound

Vault maps used:
D:1:      evilmike_arrival_fibonacci_small, grunt_decor_one_mirror
D:2:      ecumenical_altar_2
D:3:      minitemple
D:6:      grunt_temple_overflow_open, uniq_edmund

Action                   |  1- 3 |  4- 6 || total
-------------------------+-------+-------++-------
Melee: Unarmed           |     3 |       ||     3
       Quarterstaff      |       |     4 ||     4
 Fire: Shortbow          |       |     3 ||     3
 Cast: Magic Dart        |    63 |    89 ||   152
       Mephitic Cloud    |       |     1 ||     1
  Eat: Chunk             |       |     3 ||     3
